AoeStats
← Numen

Arabia

505868802Analyzed
1v1 RM · 21d ago on Sep 11, 2026· 53m 43s· 2 players
Game mode
Random Map
Map size
Tiny (2 player)
Population
200
Speed
Normal
Resources
Standard
Victory
Conquest
Starting age
Dark Age
Ending age
Imperial Age
RankedLock teamsTeams togetherTeam positionsShared explorationLock speedFull tech treeHidden civsTurbo modeCheats
Victory
Defeat
🇨🇿 Malians · Czechia
748
+14
🇪🇸 Saracens · Spain
701
-14
zetti
7:06 Loom
10:04 Feudal Age
17:00 Fletching
19:47 Padded Archer Armor
22:14 Castle Age
21:50 Gold Mining
21:47 Horse Collar
22:33 Crossbowman
23:13 Bodkin Arrow
24:47 Bloodlines
26:25 Scale Barding Armor
30:12 Leather Archer Armor
31:11 Husbandry
31:48 Sanctity
37:38 Wheelbarrow
39:49 Hand Cart
40:17 Stone Mining
41:06 Gold Shaft Mining
41:44 Forging
41:41 Town Watch
43:27 Double-Bit Axe
44:23 Stone Shaft Mining
43:55 Heavy Plow
44:54 Town Patrol
46:59 Chain Barding Armor
47:14 Iron Casting
50:13 Imperial Age
48:06 Ballistics
51:57 Chemistry
51:25 Conscription
51:51 Ring Archer Armor
50:58 Cavalier
53:06 Arbalester
Numen
8:21 Loom
10:49 Feudal Age
11:16 Double-Bit Axe
12:07 Town Watch
18:18 Wheelbarrow
18:06 Fletching
18:17 Padded Archer Armor
19:33 Scale Barding Armor
19:39 Forging
20:02 Horse Collar
26:12 Scale Mail Armor
30:16 Castle Age
29:56 Bloodlines
31:47 Elite Skirmisher
42:32 Pikeman
Connection lost

Rejoining the realm…

Still unreachable

The connection could not be restored.

Session expired

The server has moved on; the page needs a fresh start.